 Dungeon Crawl Stone Soup version 0.29-a0-284-gf9362112df (webtiles) character file.

Game seed: 16732935466278206127

1120 Xenoroth the Conjurer (level 8, 0/41 HPs)
             Began as a Deep Elf Conjurer on Mar 19, 2022.
             Was an Initiate of Vehumet.
             Slain by a steam dragon (3 damage)
             ... on level 6 of the Dungeon.
             The game lasted 00:11:25 (6013 turns).

Xenoroth the Conjurer (Deep Elf Conjurer)           Turns: 6013, Time: 00:11:26

Health: 0/41       AC:  6    Str:  4    XL:     8   Next: 12%
Magic:  1/21       EV: 12    Int: 26    God:    Vehumet [......]
Gold:   230        SH:  0    Dex: 13    Spells: 5/22 levels left

rFire   + . .      SeeInvis .   o - staff of fire
rCold   . . .      Faith    .   (no shield)
rNeg    . . .      Spirit   .   a - +1 robe
rPois   .          Reflect  .   (no helmet)
rElec   .          Harm     .   (no cloak)
rCorr   .          Rampage  .   h - +2 pair of gloves
Will    .....                   (no boots)
Stlth   ++........              (no amulet)
HPRegen 0.13/turn               (no ring)
MPRegen 0.17/turn               (no ring)

@: no status effects
A: no striking features
a: Renounce Religion


You were on level 6 of the Dungeon.
You worshipped Vehumet.
Vehumet was noncommittal.
You visited 2 branches of the dungeon, and saw 7 of its levels.

You collected 230 gold pieces.

Inventory:

Armour
 a - a +1 robe (worn)
 h - a +2 pair of gloves (worn)
Magical Staves
 o - a staff of fire (weapon)
Jewellery
 f - a ring of protection from fire
Wands
 v - a wand of flame (28)
Scrolls
 e - 4 scrolls of teleportation
 i - a scroll of vulnerability {unknown}
 j - 3 scrolls of enchant armour
 k - a scroll of blinking
 l - 2 scrolls of holy word
 r - a scroll of fog
 s - 2 scrolls of fear
 t - a scroll of amnesia
Potions
 b - a potion of magic
 c - a potion of might {unknown}
 d - 2 potions of attraction
 g - a potion of degeneration {unknown}
 m - 3 potions of cancellation
 n - 2 potions of heal wounds {unknown}
 p - 2 potions of lignification {unknown}
 q - a potion of curing


   Skills:
 - Level 2.4 Dodging
 - Level 2.4 Stealth
 * Level 7.5 Spellcasting
 * Level 7.9 Conjurations
 + Level 5.2 Hexes
 - Level 2.6 Fire Magic
 - Level 1.5 Evocations


You had 5 spell levels left.
You knew the following spells:

 Your Spells              Type           Power      Damage    Failure   Level
a - Magic Dart            Conj           100%       1d8       1%          1
b - Searing Ray           Conj           100%       2d8       1%          2
c - Dazzling Flash        Conj/Hex       88%        N/A       1%          3
d - Fulminant Prism       Conj/Hex       22%        3d13      4%          4
e - Orb of Destruction    Conj           25%        9d9       88%         7

Your spell library contained the following spells:

 Spells                   Type           Power      Damage    Failure   Level
 Pain                     Necr           36%        1d5       6%          1
 Summon Guardian Golem    Hex/Summ       23%        N/A       6%          3
 Iskenderun's Mystic Bla  Conj/Tloc      30%        2d8       12%         4
 Agony                    Necr           9%         N/A       86%         5
 Excruciating Wounds      Necr           4%         N/A       86%         5
 Spellforged Servitor     Conj/Summ      15%        N/A       100%        7


Dungeon Overview and Level Annotations

Branches:
Dungeon (6/15)             Temple (1/1) D:6

Altars:
Ashenzari
Cheibriados
Dithmenos
Elyvilon
Fedhas
Gozag
Hepliaklqana
Kikubaaqudgha
Makhleb
Nemelex Xobeh
Okawaru
Qazlal
Ru
Sif Muna
Trog
Uskayaw
Vehumet
Wu Jian
Xom
Yredelemnul
Zin
The Shining One

Shops:
D:4 (   D:5 :

Annotations:
D:5 2 transporters, Strat's ghost, weakling BaDe


Message History

You barely miss the steam dragon.
The steam dragon is heavily wounded.
The steam dragon bites you. The steam dragon barely misses you.
You hit the steam dragon but do no damage.
The steam dragon is heavily wounded.
The steam dragon barely misses you. x3; The steam dragon claws you.
You closely miss the steam dragon.
The steam dragon is heavily wounded.
The steam dragon bites you but does no damage.
The steam dragon closely misses you.
You hit the steam dragon.
The steam dragon is severely wounded.
The steam dragon closely misses you.
The steam dragon claws you but does no damage.
Casting: Magic Dart (safe; 1% risk of failure)
Confirm with . or Enter, or press ? or * to list all spells.
Aiming: Magic Dart (safe; 1% risk of failure)
Press: ? - help, Shift-Dir - straight line, f/p - steam dragon
Aim: a steam dragon (severely wounded, 100% to hit)
The magic dart hits the steam dragon but does no damage.
The steam dragon is severely wounded.
The steam dragon bites you.
* * * LOW HITPOINT WARNING * * *
The steam dragon claws you.
* * * LOW HITPOINT WARNING * * *
Casting: Magic Dart (safe; 1% risk of failure)
Confirm with . or Enter, or press ? or * to list all spells.
Aiming: Magic Dart (safe; 1% risk of failure)
Press: ? - help, Shift-Dir - straight line, f/p - steam dragon
Aim: a steam dragon (severely wounded, 100% to hit)
The magic dart hits the steam dragon.
The steam dragon is severely wounded.
The steam dragon breathes steam at you. The ball of steam hits you. You resist.
* * * LOW HITPOINT WARNING * * *
You hear an angry hiss.
It was a potion of curing.
You feel better. The steam dragon bites you!
* * * LOW HITPOINT WARNING * * *
The steam dragon claws you.
You die...

....... ..# .>..... ..#
.#.....#..# .$........#
..........#
..........#####
.....§†........
#D######### #@#........
###§#.######.
#######.§§§........
#...........#...... ##
............+....... .....
.........<..#........#.#.#
........#####........#.#.#
........# #........#.#.#
........#####........#.#.#


You could see a steam dragon (catching breath).

Vanquished Creatures
  Menkaure (D:5)
  A steam dragon (D:4)
  A water moccasin (D:6)
  2 black bears
  A scorpion (D:5)
  A howler monkey (D:5)
  3 hounds
  A jelly (D:6)
  2 orc priests (D:6)
  An orc wizard (D:4)
  Robin (D:3)
  11 adders
  4 gnolls (D:5)
  A shadow imp (D:6)
  An ufetubus (D:4)
  2 worms (D:5)
  3 dart slugs
  14 orcs
  3 ball pythons
  2 bats (D:1)
  5 endoplasms
  4 giant cockroaches
  16 goblins
  5 hobgoblins
  5 jackals
  5 kobolds
  5 quokkas
  A frilled lizard (D:1)
  5 rats
107 creatures vanquished.

Notes
Turn   | Place    | Note
-------+----------+-------------------------------------------
     0 | D:1      | Xenoroth the Deep Elf Conjurer began the quest for the Orb.
     0 | D:1      | Reached XP level 1. HP: 10/10 MP: 6/6
   354 | D:1      | Reached XP level 2. HP: 15/15 MP: 5/8
   657 | D:1      | Reached skill level 5 in Conjurations
   944 | D:1      | Reached XP level 3. HP: 19/19 MP: 8/10
  1018 | D:1      | Learned a level 2 spell: Searing Ray
  1022 | D:1      | Learned a level 3 spell: Dazzling Flash
  1727 | D:2      | Reached XP level 4. HP: 24/24 MP: 8/12
  2220 | D:3      | Learned a level 4 spell: Fulminant Prism
  2251 | D:3      | Found a faded altar of an unknown god.
  2440 | D:3      | Noticed Robin
  2689 | D:3      | Killed Robin
  2766 | D:3      | Reached XP level 5. HP: 28/28 MP: 7/13
  2817 | D:3      | Reached skill level 1 in Hexes
  3248 | D:4      | Reached skill level 1 in Fire Magic
  3374 | D:4      | Noticed a steam dragon
  3383 | D:4      | Killed a steam dragon
  3384 | D:4      | Reached skill level 5 in Spellcasting
  3384 | D:4      | Reached XP level 6. HP: 21/32 MP: 4/16
  3541 | D:4      | Found a hazy altar of Hepliaklqana.
  3813 | D:4      | Found Nuv Ketu's Antique Weapon Shop.
  4107 | D:5      | Entered Level 5 of the Dungeon
  4251 | D:5      | Noticed Menkaure
  4256 | D:5      | Killed Menkaure
  4257 | D:5      | Reached skill level 1 in Evocations
  4257 | D:5      | Reached XP level 7. HP: 19/36 MP: 10/18
  4448 | D:5      | Found a transporter.
  4448 | D:5      | Noticed Strat's ghost (weakling BaDe)
  4473 | D:5      | Found Onaeniqa's Book Shoppe.
  4539 | D:5      | Found a transporter.
  5462 | D:6      | Learned a level 7 spell: Orb of Destruction
  5610 | D:6      | Found a staircase to the Ecumenical Temple.
  5780 | Temple   | Entered the Ecumenical Temple
  5836 | Temple   | Became a worshipper of Vehumet
  5920 | D:6      | Reached skill level 5 in Hexes
  5920 | D:6      | Reached XP level 8. HP: 41/41 MP: 15/21
  6013 | D:6      | Slain by a steam dragon

Illustrated notes

Levels and vault maps discovered:
D:1:      arrival_zaba_pyramid, layout_basic
D:2:      layout_loops_ring
D:3:      layout_rooms, chequers_ecumenical_altar_twisty, uniq_robin
D:4:      layout_basic, worldfamousw_hep_ancestral_shrine, serial_shops,
          nicolae_shop_temple_entry_statues_fountains
D:5:      layout_loops_corners, gammafunk_ghost_stat_death, serial_shops, shop,
          uniq_menkaure
D:6:      layout_basic, minmay_temple_entry_ruins, st_stairs_2,
          kennysheep_path_1
Temple:   compressed_dpeg_circular_temple

Skill      XL: |  1  2  3  4  5  6  7 |
---------------+----------------------+-----
Conjurations   | 5 6 7 |  7.9
Spellcasting   | 4 5 6 7 |  7.5
Hexes          | 2 3 5 |  5.2
Fire Magic     | 1 2 |  2.6
Evocations     | 1 |  1.5
Dodging        | |  2.4
Stealth        | |  2.4

Action                   |  1- 3 |  4- 6 |  7- 9 || total
-------------------------+-------+-------+-------++-------
Melee: Unarmed           |     3 |       |       ||     3
       Staff             |       |     1 |     5 ||     6
 Cast: Magic Dart        |    68 |   125 |    90 ||   283
       Searing Ray       |       |     4 |     5 ||     9
  Use: Scroll            |     3 |     6 |     3 ||    12
       Potion            |       |       |     1 ||     1
Armor: Robe              |     4 |     5 |    11 ||    20
Dodge: Dodged            |     5 |    24 |    24 ||    53

Table legend: (Time is in decaauts)
 A = Elapsed time spent in this place.
 B = Non-inter-level travel time spent in this place.
 C = Inter-level travel time spent in this place.
 D = Time resting spent in this place.
 E = Time spent auto-exploring this place.
 F = Levels seen in this place.
 G = Mean time per level.
                   A        B        C        D        E       F      G
               +--------+--------+--------+--------+--------+-----+--------+
         Total |   6013 |   5803 |    210 |   1902 |   3294 |   7 |  859.0 |
       Dungeon |   5905 |   5745 |    160 |   1902 |   3261 |   6 |  984.2 |
        Temple |    107 |     57 |     50 |      0 |     33 |   1 |  107.0 |
               +--------+--------+--------+--------+--------+-----+--------+

Top non-repeatable levels by time:
     D:5: 1345 daAuts
     D:1: 1295 daAuts
     D:4: 1101 daAuts
     D:2: 968 daAuts
     D:3: 741 daAuts
     D:6: 453 daAuts
  Temple: 107 daAuts
